 Dungeon Crawl Stone Soup version 0.28.0-53-g5a82cb258f (webtiles) character file.

Game seed: 12289239394971486154

211 Infinimo the Skirmisher (level 5, -1/47 HPs)
             Began as a Hill Orc Fighter on May 26, 2022.
             Killed by nerve-wracking pain
             ... invoked by Grinder
              (12 damage)
             ... on level 3 of the Dungeon.
             The game lasted 00:01:51 (2307 turns).

Infinimo the Skirmisher (Hill Orc Fighter)          Turns: 2307, Time: 00:01:52

Health: -1/47      AC:  7    Str: 19    XL:     5   Next: 88%
Magic:  5/5        EV:  9    Int: 10    God:
Gold:   92         SH:  4    Dex: 10    Spells: 4/4 levels left

rFire   . . .      SeeInvis .   a - +0 flail
rCold   . . .      Faith    .   c - +0 buckler
rNeg    . . .      Spirit   .   b - +0 scale mail
rPois   .          Reflect  .   (no helmet)
rElec   .          Harm     .   (no cloak)
rCorr   .          Rampage  .   (no gloves)
Will    .....                   (no boots)
Stlth   ..........              (no amulet)
HPRegen 0.15/turn               (no ring)
MPRegen 0.09/turn               (no ring)

@: no status effects
A: no striking features
a: no special abilities


You were on level 3 of the Dungeon.
You visited 1 branch of the dungeon, and saw 3 of its levels.

You collected 92 gold pieces.

Inventory:

Hand Weapons
 a - a +0 flail (weapon)
Armour
 b - a +0 scale mail (worn)
 c - a +0 buckler (worn)
Jewellery
 o - an amulet of the acrobat
Scrolls
 e - a scroll of fear {unknown}
 g - a scroll of silence {unknown}
 i - 4 scrolls of identify {unknown}
 j - a scroll of teleportation {unknown}
 n - a scroll of holy word {unknown}
Potions
 d - a potion of might
 f - a potion of attraction {unknown}
 h - a potion of mutation {unknown}
 k - 2 potions of heal wounds {unknown}
 l - a potion of resistance {unknown}
 m - 2 potions of curing {unknown}


   Skills:
 + Level 4.7 Fighting
 * Level 4.5 Maces & Flails
 - Level 4.0 Armour
 + Level 4.3 Shields


You had 4 spell levels left.
You didn't know any spells.
Your spell library contained the following spells:

 Spells                   Type           Power      Damage    Failure   Level
 Foxfire                  Conj/Fire      0%         2x1d4     82%         1
 Frozen Ramparts          Ice            0%         1d2       99%         3
 Summon Guardian Golem    Hex/Summ       0%         N/A       99%         3
 Ice Form                 Ice/Tmut       0%         N/A       100%        4
 Summon Ice Beast         Ice/Summ       0%         N/A       100%        4
 Orb of Destruction       Conj           0%         9d5       100%        7
 Spellforged Servitor     Conj/Summ      0%         N/A       100%        7


Dungeon Overview and Level Annotations

Branches:
Dungeon (3/15)

Altars:
Xom

Annotations:
D:3 Grinder


Message History

You kill the rat!
No target in view!
No target in view!
You climb downwards.
Level annotation: Grinder
There is a stone staircase leading up, spattered with blood here.
Found 6 gold pieces.
Grinder gestures at you.
You suddenly lose the ability to move!
Grinder hits you!
You writhe in agony.
Grinder hits you.
You writhe in agony.
Grinder hits you.
You writhe in agony.
You can move again.
Unknown command.
Unknown command.
Unknown command.
Unknown command.
Grinder says, "There's only one good use for a tongue: cutting it out."
There is a stone staircase leading up, spattered with blood here.
You are too injured to fight recklessly!
You are too injured to fight recklessly!
You are too injured to fight recklessly!
You sock Grinder!
Grinder is lightly wounded.
Grinder barely misses you.
You hit Grinder but do no damage.
Grinder is lightly wounded.
Grinder closely misses you.
You hit Grinder but do no damage.
Grinder is lightly wounded.
Grinder hits you.
You writhe in agony.
* * * LOW HITPOINT WARNING * * *
You hit Grinder but do no damage.
Grinder is lightly wounded.
Grinder barely misses you. Grinder hits you but does no damage.
You hit Grinder but do no damage.
Grinder is lightly wounded.
Grinder gestures at you. Pain shoots through your body!
You die...

#..#.#
#..#.###..
#......#.#
#.......# #
#......##
#.##.......#
#.........#.#
#@......#
##5#...#. #.#
## .o. #..##
#.## #$ #. #.


You could see Grinder and an orc wizard.

Vanquished Creatures
  An orc priest (D:2)
  A centaur skeleton (D:2)
  Jessica (D:2)
  An orc wizard (D:2)
  Terence (D:2)
  3 adders (D:2)
  3 worms (D:2)
  5 dart slugs
  An orc (D:2)
  2 endoplasms (D:2)
  A giant cockroach (D:2)
  5 goblins
  3 hobgoblins (D:2)
  3 kobolds
  3 ball pythons
  A bat (D:2)
  A frilled lizard (D:2)
  3 rats
39 creatures vanquished.

Notes
Turn   | Place    | Note
-------+----------+-------------------------------------------
     0 | D:1      | Infinimo the Hill Orc Fighter began the quest for the Orb.
     0 | D:1      | Reached XP level 1. HP: 19/19 MP: 1/1
    86 | D:1      | Reached XP level 2. HP: 8/27 MP: 2/2
   508 | D:1      | Found a faded altar of an unknown god.
   518 | D:1      | Got Plato's Compendium of Ignition
   956 | D:2      | Reached XP level 3. HP: 33/33 MP: 3/3
   965 | D:2      | Noticed Jessica
   985 | D:2      | Killed Jessica
   986 | D:2      | Reached XP level 4. HP: 19/40 MP: 4/4
  1168 | D:2      | Noticed Terence
  1186 | D:2      | Killed Terence
  1537 | D:2      | Reached XP level 5. HP: 46/47 MP: 5/5
  1547 | D:2      | Found a shimmering altar of Xom.
  2186 | D:3      | Noticed Grinder
  2298 | D:3      | Paralysed by Grinder for 4 turns
  2307 | D:3      | Killed from afar by Grinder

Illustrated notes

Levels and vault maps discovered:
D:1:      dpeg_arrival_rooms_b, layout_loops_cross,
          shapermc_ecumenical_altar_rom_forum, minmay_shallow_snake_nest
D:2:      layout_rooms, basic_altar, minmay_misc_feat_chi,
          amcnicky_mini_corridor_feature, minmay_misc_feat_hallway,
          uniq_terence, uniq_jessica
D:3:      layout_loops_ring, st_stairs_8, chequers_mini_garden, uniq_grinder

Skill      XL: |  1  2  3  4  5 |
---------------+----------------+-----
Fighting       | 4 |  4.7
Maces & Flails | 3 4 |  4.5
Armour         | 4 |  4.0
Shields        | 4 |  4.3

Action                   |  1- 3 |  4- 6 || total
-------------------------+-------+-------++-------
Melee: Flail             |    57 |   117 ||   174
Armor: Scale mail        |    19 |    55 ||    74
Dodge: Dodged            |    27 |    61 ||    88
Block: Buckler           |    12 |    22 ||    34
